 Dungeon Crawl Stone Soup version 0.21.1-1-g345015f (webtiles) character file.

29 Grib the Skirmisher (level 3, 0/31 HPs)
             Began as a Centaur Chaos Knight on June 4, 2018.
             Slain by Iko's ghost (3 damage)
             ... on level 3 of the Dungeon.
             The game lasted 00:17:03 (1228 turns).

Grib the Skirmisher (Centaur Chaos Knight)          Turns: 1228, Time: 00:17:04

Health: 0/31       AC:  6    Str: 15    XL:     3   Next: 1%
Magic:  3/3        EV:  7    Int: 11    God:    Xom [....*.]
Gold:   129        SH:  0    Dex:  8    Spells: 2/2 levels left

rFire    + . .     SeeInvis .   a - +0 mace (chaos)
rCold    + . .     Gourm    .   (no shield)
rNeg     . . .     Faith    .   m - +0 scale mail (curse)
rPois    .         Spirit   .   (no helmet)
rElec    .         Reflect  .   g - scarf {rC+ rF+}
rCorr    .         Harm     .   (no gloves)
MR       .....                  (no barding)
Stlth    ..........             (no amulet)
HPRegen  0.10/turn              (no ring)
MPRegen  0.08/turn              (no ring)

@: very quick
A: large, hooves 3, deformed body, speed 2, tough skin 3
a: Renounce Religion


You were on level 3 of the Dungeon.
You worshipped Xom.
You were a beloved toy of Xom.
You were not hungry.

You visited 1 branch of the dungeon, and saw 4 of its levels.

You collected 129 gold pieces.

Inventory:

Hand Weapons
 a - a +0 mace of chaos (weapon)
 l - a +0 club
Armour
 b - a +2 leather armour
 g - a scarf of resistance (worn)
 m - a cursed +0 scale mail (worn)
Scrolls
 d - a scroll of teleportation {unknown}
 e - a scroll of amnesia
 f - a scroll of fog {unknown}
 n - a scroll of magic mapping {unknown}
Potions
 h - a potion of curing {unknown}
 i - a potion of flight {unknown}
 k - a potion of heal wounds {unknown}
Comestibles
 c - a ration


   Skills:
 * Level 3.4 Fighting
 * Level 3.1 Maces & Flails
 * Level 1.9 Armour
 - Level 0.6 Dodging


You had 2 spell levels left.
You didn't know any spells.

Dungeon Overview and Level Annotations

Branches:
Dungeon (4/15)
 Temple: D:4-7

Altars:
Cheibriados
Elyvilon
Fedhas
Qazlal
Ru
Uskayaw
Xom

Annotations:
D:3 Iko's ghost, weakling OpGl


Innate Abilities, Weirdness & Mutations

You have hooves in place of feet.
Armour fits poorly on your strangely shaped body.
You cover ground very quickly.
You have extremely tough skin. (AC +3)


Message History

The bat hits you but does no damage. The bat hits you but does no damage.
The bat hits you but does no damage. The bat hits you but does no damage.
The bat hits you but does no damage. The bat completely misses you.
The bat hits you but does no damage. The bat hits you.
* * * LOW HITPOINT WARNING * * *
You thump the bat!
You kill the bat!
You have reached level 3!
Your experience leads to an increase in your attributes!
Increase (S)trength, (I)ntelligence, or (D)exterity?
You feel stronger.
There is a stone staircase leading down, spattered with blood here.
You start resting.
Something hits you.
You die... "Boring in life, boring in death..."

#.. #.# #.# #.#
###.##########
#....>.......#
##....#######.#
.......#
#.######
##.....#
#...@..#
##.#.#.#
######.#
...#.#.# #
##.#.#.#
##.#+#.# g
##.....#
.......##
#.......##
.........####.


There were no monsters in sight!

Vanquished Creatures
  A dart slug (D:1)
  2 leopard geckos
  2 giant cockroaches (D:2)
  4 hobgoblins
  A jackal (D:3)
  2 kobolds (D:1)
  A quokka (D:2)
  3 bats
  2 frilled lizards
  2 goblins
  2 rats (D:2)
22 creatures vanquished.

Notes
Turn   | Place    | Note
-------+----------+-------------------------------------------
     0 | D:1      | Grib the Centaur Chaos Knight began the quest for the Orb.
     0 | D:1      | Reached XP level 1. HP: 19/19 MP: 1/1
   180 | D:1      | XOM: potion effect (invisibility)
   390 | D:1      | Reached XP level 2. HP: 26/26 MP: 2/2
   591 | D:2      | XOM: cast spell 'Summon Ice Beast'
   658 | D:2      | Found a sacrificial altar of Ru.
   658 | D:2      | Found a white marble altar of Elyvilon.
   660 | D:2      | Found a shimmering altar of Xom.
   660 | D:2      | Found a hide-covered altar of Uskayaw.
   661 | D:2      | XOM: harmless Necr miscast
   673 | D:2      | Found a stormy altar of Qazlal.
   673 | D:2      | Found a blossoming altar of Fedhas.
   674 | D:2      | Found a snail-covered altar of Cheibriados.
   882 | D:2      | You fall through a shaft for 2 floors!
   889 | D:4      | Noticed a scorpion
   908 | D:4      | XOM: confuse monster(s)
   956 | D:3      | XOM: harmless Air miscast
  1079 | D:3      | XOM: cloud trail
  1183 | D:3      | Noticed Iko's ghost (weakling OpGl)
  1193 | D:3      | XOM: divination: detect creatures
  1194 | D:3      | HP: 1/26 [bat (1)]
  1206 | D:3      | HP: 1/26 [bat (1)]
  1207 | D:3      | Reached XP level 3. HP: 1/31 MP: 3/3
  1228 | D:3      | Slain by Iko's ghost

Skill      XL: |  1  2 |
---------------+-------+-----
Maces & Flails | 3 |  3.1
Fighting       | |  3.4
Armour         | |  1.9
Dodging        | |  0.6

Action                   || total
-------------------------++-------
Melee: Mace              ||    55
       Kick              ||     9
  Use: Scroll            ||     1
 Stab: Invisible         ||     1
Armor: Leather armour    ||     8
       Scale mail        ||    28
Dodge: Dodged            ||    22
